 Dungeon Crawl Stone Soup version 0.24-a0-201-gf205589 (webtiles) character file.

Game seed: 13247312329945436016

78 Hasart the Skirmisher (level 4, 0/29 HPs)
             Began as a Gargoyle Fighter on Mar 21, 2019.
             Killed by nerve-wracking pain
             ... invoked by Grinder
              (1 damage)
             ... on level 3 of the Dungeon.
             The game lasted 00:04:25 (1610 turns).

Hasart the Skirmisher (Gargoyle Fighter)            Turns: 1610, Time: 00:04:26

Health: 0/29       AC: 11    Str: 21    XL:     4   Next: 36%
Magic:  4/4        EV:  4    Int:  8    God:
Gold:   85         SH: 10    Dex:  9    Spells: 3/3 levels left

rFire    . . .     SeeInvis .   a - +0 long sword
rCold    . . .     Gourm    .   c - +1 shield
rNeg     + . .     Faith    .   b - +0 scale mail
rPois    ∞         Spirit   .   (no helmet)
rElec    +         Reflect  .   (no cloak)
rCorr    .         Harm     .   (no gloves)
MR       .....                  s - +0 pair of boots
Stlth    ..........             (no amulet)
HPRegen  0.09/turn              k - -3 ring of evasion (curse)
MPRegen  0.09/turn              (no ring)

@: no status effects
A: negative energy resistance 1, electricity resistance, unbreathing,
petrification resistance, rot immunity, AC +3
a: no special abilities


You were on level 3 of the Dungeon.
You were hungry.

You visited 1 branch of the dungeon, and saw 3 of its levels.

You collected 85 gold pieces.

Inventory:

Hand Weapons
 a - a +0 long sword (weapon)
Armour
 b - a +0 scale mail (worn)
 c - a +1 shield (worn)
 s - a +0 pair of boots (worn)
Jewellery
 k - a cursed -3 ring of evasion (left hand)
Wands
 e - a wand of acid (10)
Scrolls
 h - 2 scrolls of random uselessness
 n - 2 scrolls of enchant armour
Potions
 d - a potion of might
 g - a potion of lignification {unknown}
 i - 2 potions of cancellation {unknown}
 l - 2 potions of agility {unknown}
 o - a potion of flight {unknown}
Comestibles
 f - 5 rations


   Skills:
 + Level 3.8 Fighting
 * Level 2.9 Long Blades
 + Level 3.8 Armour
 + Level 3.8 Shields


You had 3 spell levels left.
You didn't know any spells.
Your spell library was empty.

Dungeon Overview and Level Annotations

Branches:
Dungeon (3/15)

Altars:
Ashenzari

Annotations:
D:3 Grinder, Sigmund


Innate Abilities, Weirdness & Mutations

You are resistant to torment.
Your stone body is resilient. (AC +3)
You are immune to poison.
You resist negative energy. (rN+)
You are resistant to electric shocks. (rElec)
You can survive without breathing.
You are immune to petrification.
You are immune to rotting.


Message History

Grinder hits you but does no damage.
You hit Grinder.
Grinder is heavily wounded.
Grinder hits you.
You writhe in agony.
Something hits you. You block Grinder's attack.
You hit Grinder.
Grinder is heavily wounded.
Grinder hits you.
You writhe in agony.
Something hits you but does no damage.
You closely miss Grinder.
Grinder is heavily wounded.
Grinder hits you.
* * * LOW HITPOINT WARNING * * *
You writhe in agony.
* * * LOW HITPOINT WARNING * * *
You block something's attack.
You closely miss Grinder.
Grinder is heavily wounded.
Grinder gestures at you. Pain shoots through your body!
You die...

...........(..###..######
#(###.##...#####.## #.
##........# # ##........#
#.........# ##..[......#
#.#..........#
.............#
....###@#.......
#_#####5#.......
....###{........#
.........########
#.###....# #. ..#### ..#
...


You could see Grinder.

Vanquished Creatures
  2 adders
  An ooze (D:2)
  2 leopard geckos
  4 orcs (D:2)
  6 giant cockroaches (D:1)
  8 hobgoblins
  2 jackals (D:1)
  8 kobolds
  A ball python (D:3)
  3 bats
  3 frilled lizards
  4 goblins
  4 rats
48 creatures vanquished.

Notes
Turn   | Place    | Note
-------+----------+-------------------------------------------
     0 | D:1      | Hasart the Gargoyle Fighter began the quest for the Orb.
     0 | D:1      | Reached XP level 1. HP: 14/14 MP: 1/1
    82 | D:1      | Reached XP level 2. HP: 17/19 MP: 2/2
   736 | D:2      | Reached XP level 3. HP: 17/23 MP: 3/3
  1169 | D:2      | Reached XP level 4. HP: 21/29 MP: 4/4
  1313 | D:3      | Noticed Grinder
  1324 | D:3      | Paralysed by Grinder for 7 turns
  1601 | D:3      | Found a shattered altar of Ashenzari.
  1603 | D:3      | Noticed Sigmund
  1609 | D:3      | HP: 1/29 [Grinder (3)]
  1610 | D:3      | Killed from afar by Grinder

Levels and vault maps discovered:
D:1:      dpeg_arrival_prison, layout_rooms, minivault_5,
          kennysheep_another_room, minmay_3d_cube
D:2:      layout_basic
D:3:      layout_rooms, grunt_qazlal_sundering, old_standard_altar,
          lightli_sewer_entry_pipes, cheibrodos_ashenzari_chains, uniq_sigmund,
          uniq_grinder

Skill      XL: |  1 |
---------------+----+-----
Long Blades    | 2 |  2.9
Fighting       | |  3.8
Armour         | |  3.8
Shields        | |  3.8

Action                   |  1- 3 |  4- 6 || total
-------------------------+-------+-------++-------
Melee: Long sword        |   165 |    37 ||   202
  Use: Scroll            |       |     7 ||     7
  Eat: Chunk             |     1 |     1 ||     2
Armor: Scale mail        |    95 |    47 ||   142
Dodge: Dodged            |    38 |    10 ||    48
Block: Shield            |    88 |    30 ||   118
       Rpst.: Long sword |    12 |     3 ||    15

Table legend:
 A = Non-vault XP
 B = Vault XP
 C = Vault XP percentage of total XP
 D = Non-vault monster count
 E = Vault monster count
 F = Vault count percentage of total count
                 A         B        C        D         E       F
            +---------+---------+-------+---------+---------+-------
      Total |     100 |      12 |  10.7 |      41 |       7 |  14.6
            +---------+---------+-------+---------+---------+-------
        D:1 |      16 |      12 |  42.9 |      10 |       7 |  41.2
        D:2 |      58 |       0 |   0.0 |      23 |       0 |   0.0
        D:3 |      26 |       0 |   0.0 |       8 |       0 |   0.0
            +---------+---------+-------+---------+---------+-------
